 Dungeon Crawl Stone Soup version 0.23.2-40-g277498a001 (webtiles) character file.

Game seed: 18372651246693790619

63 Amplified the Firebug (level 3, -1/26 HPs)
             Began as a Demonspawn Fire Elementalist on Sept 5, 2019.
             Slain by an adder (4 damage)
             ... on level 2 of the Dungeon.
             The game lasted 00:03:08 (1684 turns).

Amplified the Firebug (DsFE)                        Turns: 1684, Time: 00:03:09

Health: -1/26      AC:  2    Str:  7 (8)  XL:     3   Next: 87%
Magic:  4/6        EV: 12    Int: 17      God:
Gold:   108        SH:  0    Dex: 12 (13) Spells: 5/6 levels left

rFire    . . .     SeeInvis .   h - +2 dagger (pain)
rCold    . . .     Gourm    .   (no shield)
rNeg     . . .     Faith    .   a - +0 robe
rPois    .         Spirit   .   (no helmet)
rElec    .         Reflect  .   (no cloak)
rCorr    .         Harm     .   (no gloves)
MR       .....                  (no boots)
Stlth    ++........             (no amulet)
HPRegen  0.08/turn              (no ring)
MPRegen  0.10/turn              (no ring)

@: lethally poisoned (-1 -> -6), very slightly contaminated
A: spiny 1
a: no special abilities


You were on level 2 of the Dungeon.
You were hungry.

You visited 1 branch of the dungeon, and saw 2 of its levels.

You collected 108 gold pieces.

Inventory:

Hand Weapons
 d - a +0 whip
 h - a +2 dagger of pain (weapon)
Missiles
 e - 3 javelins (quivered)
Armour
 a - a +0 robe (worn)
Scrolls
 b - a scroll of immolation {unknown}
 f - 3 scrolls of identify
 g - 2 scrolls of amnesia
 i - a scroll of remove curse {unknown}
Comestibles
 c - 6 rations


   Skills:
 + Level 1.3 Fighting
 + Level 1.2 Maces & Flails
 - Level 1.7 Dodging
 - Level 1.7 Stealth
 + Level 2.4 Spellcasting
 - Level 1.0 Conjurations
 * Level 3.4 Fire Magic


You had 5 spell levels left.
You knew the following spells:

 Your Spells              Type           Power        Failure   Level  Hunger
a - Flame Tongue          Conj/Fire      #....        8%          1    #......

Your spell library contained the following spells:

 Spells                   Type           Power        Failure   Level  Hunger
 Throw Flame              Conj/Fire      #.....       11%         2    ##.....
 Conjure Flame            Conj/Fire      #.......     22%         3    ###....
 Inner Flame              Hex/Fire       #.......     26%         3    ###....
 Sticky Flame             Conj/Fire      #.......     58%         4    #####..
 Fireball                 Conj/Fire      #.........   90%         5    ######.


Dungeon Overview and Level Annotations

Branches:
Dungeon (2/15)

Altars:
Yredelemnul


Innate Abilities, Weirdness & Mutations

You are partially covered in sharp spines.


Message History

The flame tongue hits the adder.
The adder is heavily wounded.
You feel sick. The adder bites you.
* * * LOW HITPOINT WARNING * * *
The adder is struck by your spines. The adder bites you.
* * * LOW HITPOINT WARNING * * *
Casting: Flame Tongue (safe; 8% risk of failure)
Confirm with . or Enter, or press ? or * to list all spells.
You don't know that spell.
Sorry, you're not good enough to have a special ability.
Unknown command.
Casting: Flame Tongue (safe; 8% risk of failure)
Confirm with . or Enter, or press ? or * to list all spells.
Aiming: Flame Tongue (safe; 8% risk of failure)
Press: ? - help, Shift-Dir - straight line, f/p - adder
Aim: an adder (heavily wounded)
You miscast Flame Tongue.
You are very lightly contaminated with residual magic.
Nothing appears to happen.
The adder bites you.
You die...

#..#### ...# #..
... ..# #.####.
..# #.##... ..#
#.#.... #.#
#†#.... #.#
#....._ #S#
#.#....
#@##########.#....
#............##...
#########.##.####.
#.##......
#.###..... #.#
####.. #.# #.. #.#
#.# #.######.#


You could see an adder.

Vanquished Creatures
  2 adders (D:2)
  A worm (D:2)
  3 dart slugs
  2 giant cockroaches (D:2)
  3 goblins
  4 hobgoblins
  5 jackals
  5 bats (D:1)
  3 frilled lizards (D:1)
  3 kobolds
  4 rats
35 creatures vanquished.

Notes
Turn   | Place    | Note
-------+----------+-------------------------------------------
     0 | D:1      | Amplified the Demonspawn Fire Elementalist began the quest
                  | for the Orb.
     0 | D:1      | Reached XP level 1. HP: 13/13 MP: 3/3
   606 | D:1      | Gained mutation: You are partially covered in sharp spines.
                  | [demonic ancestry]
   606 | D:1      | Reached XP level 2. HP: 20/20 MP: 5/5
   687 | D:1      | Reached skill level 3 in Fire Magic
  1062 | D:2      | Reached skill level 1 in Fighting
  1062 | D:2      | Reached XP level 3. HP: 25/26 MP: 6/6
  1120 | D:2      | Reached skill level 1 in Maces & Flails
  1630 | D:2      | Found a basalt altar of Yredelemnul.
  1684 | D:2      | Slain by an adder

Skill      XL: |  1  2  3 |
---------------+----------+-----
Fire Magic     | 3 |  3.4
Fighting       | 1 |  1.3
Maces & Flails | 1 |  1.2
Dodging        | |  1.7
Stealth        | |  1.7
Spellcasting   | |  2.4
Conjurations   | |  1.0

Action                   || total
-------------------------++-------
Melee: Whip              ||    33
       Dagger            ||    65
Throw: Javelin           ||    10
 Cast: Flame Tongue      ||    15
  Use: Potion            ||     4
       Scroll            ||     2
 Stab: Sleeping          ||     4
       Distracted        ||     1
  Eat: Chunk             ||     2
Armor: Robe              ||    34
Dodge: Dodged            ||    86
